 Dungeon Crawl Stone Soup version 0.26-a0-264-g3a471323bd (webtiles) character file.

Game seed: 17393760737143091763

167 BritishOli the Skirmisher (level 5, -4/42 HPs)
             Began as a Demonspawn Fighter on July 11, 2020.
             Killed by nerve-wracking pain
             ... invoked by an orc priest
              (12 damage)
             ... on level 4 of the Dungeon.
             The game lasted 00:01:45 (2262 turns).

BritishOli the Skirmisher (Demonspawn Fighter)      Turns: 2262, Time: 00:01:46

Health: -4/42      AC:  8    Str: 17    XL:     5   Next: 23%
Magic:  14/14      EV:  6    Int: 10    God:
Gold:   167        SH:  8    Dex: 12    Spells: 4/4 levels left

rFire    + . .     SeeInvis .   a - +0 long sword
rCold    x . .     Faith    .   c - +0 kite shield
rNeg     . . .     Spirit   .   b - +0 scale mail
rPois    .         Reflect  .   (no helmet)
rElec    .         Harm     .   (no cloak)
rCorr    .                      (no gloves)
MR       .....                  (no boots)
Stlth    ..........             (no amulet)
HPRegen  0.14/turn              i - ring of magical power
MPRegen  0.14/turn              s - ring of fire

@: heavily drained
A: claws 1, thin metallic scales 1, spiny 1
a: no special abilities


You were on level 4 of the Dungeon.
You were not hungry.

You visited 1 branch of the dungeon, and saw 4 of its levels.

You collected 167 gold pieces.

Inventory:

Hand Weapons
 a - a +0 long sword (weapon)
Armour
 b - a +0 scale mail (worn)
 c - a +0 kite shield (worn)
Jewellery
 i - a ring of magical power (left claw)
 s - a ring of fire (right claw)
Wands
 n - a wand of digging (4)
 x - a wand of acid (10)
Scrolls
 g - 3 scrolls of teleportation {unknown}
 k - a scroll of remove curse {unknown}
 l - a scroll of fog {unknown}
 o - 3 scrolls of identify {unknown}
 q - a scroll of random uselessness {unknown}
 t - a scroll of enchant weapon {unknown}
 w - a scroll of fear {unknown}
 y - a scroll of enchant armour {unknown}
Potions
 d - a potion of might
 e - a potion of experience {unknown}
 h - 2 potions of heal wounds {unknown}
 j - 2 potions of ambrosia {unknown}
 m - 3 potions of flight {unknown}
 p - a potion of curing {unknown}
 r - 2 potions of degeneration {unknown}
 u - a potion of mutation {unknown}
 v - a potion of stabbing {unknown}
 z - a potion of brilliance {unknown}
Comestibles
 f - 4 rations


   Skills:
 + Level 3.9(2.5) Fighting
 + Level 2.9(1.5) Long Blades
 + Level 3.5(2.1) Armour
 + Level 3.5(2.1) Shields


You had 4 spell levels left.
You didn't know any spells.
Your spell library was empty.

Dungeon Overview and Level Annotations

Branches:
Dungeon (4/15)
 Temple: D:4-7

Altars:
Dithmenos
Fedhas
Ru
Sif Muna
Xom
Yredelemnul


Innate Abilities, Weirdness & Mutations

You have sharp fingernails.
You are partially covered in thin metallic scales. (AC +2)
You are partially covered in sharp spines.


Message History

You hit the orc priest but do no damage.
The orc priest is severely wounded.
The orc priest hits you with a +0 flail of draining.
You feel drained. The orc hits you with a +0 hand axe.
* * * LOW HITPOINT WARNING * * *
You barely miss the orc priest.
The orc priest is severely wounded.
The orc priest casts a cantrip, but nothing happens.
You block the orc's attack.
The orc priest hits you but does no damage.
You feel drained.
Unknown command.
Unknown command.
You barely miss the orc priest.
The orc priest is severely wounded.
The orc hits you with a +0 hand axe.
* * * LOW HITPOINT WARNING * * *
The orc priest mumbles some strange prayers to Beogh against you.
Pain shoots through your body!
You die...

#.......#
#!......#
#.......#
#..=....#
.......# #
..<..
#.####)o#
#.....@o#
#.......#####
#....<.......#
#.......####.#
#.......#
..........#
###........
######..##
#...


You could see an orc priest and an orc.

Vanquished Creatures
  A bullfrog (D:3)
  3 adders
  2 worms
  A dart slug (D:1)
  4 leopard geckos
  2 orcs
  12 bats
  2 giant cockroaches (D:1)
  7 goblins
  6 hobgoblins
  7 jackals (D:1)
  5 kobolds
  2 quokkas (D:3)
  7 rats
61 creatures vanquished.

Notes
Turn   | Place    | Note
-------+----------+-------------------------------------------
     0 | D:1      | BritishOli the Demonspawn Fighter began the quest for the
                  | Orb.
     0 | D:1      | Reached XP level 1. HP: 18/18 MP: 1/1
    62 | D:1      | Gained mutation: You are partially covered in sharp spines.
                  | [demonic ancestry]
    62 | D:1      | Reached XP level 2. HP: 12/24 MP: 2/2
   441 | D:1      | Reached XP level 3. HP: 27/29 MP: 3/3
   821 | D:2      | Found a shimmering blue altar of Sif Muna.
   933 | D:2      | Found a faded altar of an unknown god.
  1101 | D:2      | Found a shadowy altar of Dithmenos.
  1104 | D:2      | Gained mutation: You are partially covered in thin metallic
                  | scales. (AC +2) [demonic ancestry]
  1104 | D:2      | Reached XP level 4. HP: 31/35 MP: 4/4
  1133 | D:2      | Found a sacrificial altar of Ru.
  1136 | D:2      | Found a basalt altar of Yredelemnul.
  1139 | D:2      | Found a shimmering altar of Xom.
  1527 | D:3      | Noticed a bullfrog
  1530 | D:3      | Killed a bullfrog
  1530 | D:3      | Gained mutation: You have sharp fingernails. [demonic
                  | ancestry]
  1530 | D:3      | Reached XP level 5. HP: 42/42 MP: 5/5
  2045 | D:3      | Found a blossoming altar of Fedhas.
  2262 | D:4      | Killed from afar by an orc priest

Illustrated notes

Levels and vault maps discovered:
D:1:      dpeg_arrival_subterranean_lakeside_camping, layout_rooms
D:2:      layout_basic, lemuel_crystal_altar, grunt_temple_overflow_cloverleaf,
          chequers_ecumenical_altar_island
D:3:      layout_loops_corners, lemuel_doored_altar, first_ration
D:4:      layout_loops_cross, tgw_kikubaaqudgha

Skill      XL: |  1  2 |
---------------+-------+-----
Long Blades    | 2 |  2.9
Armour         | 3 |  3.5
Shields        | 3 |  3.5
Fighting       | |  3.9

Action                   |  1- 3 |  4- 6 || total
-------------------------+-------+-------++-------
Melee: Long sword        |    95 |    43 ||   138
  Eat: Ration            |     1 |     1 ||     2
Armor: Scale mail        |    54 |    16 ||    70
Dodge: Dodged            |    34 |    12 ||    46
Block: Kite shield       |    61 |    27 ||    88
       Rpst.: Long sword |    13 |     5 ||    18

Table legend:
 A = Non-vault XP
 B = Vault XP
 C = Vault XP percentage of total XP
 D = Non-vault monster count
 E = Vault monster count
 F = Vault count percentage of total count
                 A         B        C        D         E       F
            +---------+---------+-------+---------+---------+-------
      Total |     230 |       9 |   3.8 |      55 |       6 |   9.8
            +---------+---------+-------+---------+---------+-------
        D:1 |      52 |       9 |  14.8 |      27 |       6 |  18.2
        D:2 |      55 |       0 |   0.0 |      16 |       0 |   0.0
        D:3 |     120 |       0 |   0.0 |      11 |       0 |   0.0
        D:4 |       3 |       0 |   0.0 |       1 |       0 |   0.0
            +---------+---------+-------+---------+---------+-------
